 Dungeon Crawl Stone Soup version 0.29-a0-775-g4d7333d4e2 (webtiles) character file.

Game seed: 2659140477150208460

18 elite277 the Conjurer (level 2, -2/19 HPs)
             Began as a Human Conjurer on July 1, 2022.
             Slain by a gnoll
             ... wielding a +0 flail
              (11 damage)
             ... on level 2 of the Dungeon.
             The game lasted 00:03:46 (1171 turns).

elite277 the Conjurer (Human Conjurer)              Turns: 1171, Time: 00:03:47

Health: -2/19      AC:  5    Str:  6 (7)  XL:     2   Next: 90%
Magic:  2/5        EV: 11    Int: 17 (18) God:
Gold:   37         SH:  4    Dex:  9 (11) Spells: 4/5 levels left

rFire   . . .      SeeInvis .   f - +0 short sword
rCold   . . .      Faith    .   m - +2 buckler {AC+3}
rNeg    . . .      Spirit   .   a - +0 robe
rPois   .          Reflect  .   (no helmet)
rElec   .          Harm     .   (no cloak)
rCorr   .          Rampage  .   (no gloves)
Will    .....                   (no boots)
Stlth   ++........              (no amulet)
HPRegen 0.06/turn               (no ring)
MPRegen 0.09/turn               (no ring)

@: flying
A: no striking features
a: no special abilities


You were on level 2 of the Dungeon.
You visited 1 branch of the dungeon, and saw 2 of its levels.

You collected 37 gold pieces.

Inventory:

Hand Weapons
 f - a +0 short sword (weapon)
Missiles
 h - 2 javelins
Armour
 a - a +0 robe (worn)
 c - a +0 leather armour
 d - a +0 leather armour
 i - a +0 ring mail
 m - a +2 buckler of protection (worn)
Scrolls
 e - a scroll of teleportation
Potions
 b - a potion of magic
 j - a potion of cancellation
 k - a potion of attraction


   Skills:
 + Level 0.1 Fighting
 + Level 2.1 Dodging
 - Level 2.0 Stealth
 + Level 0.8 Unarmed Combat
 + Level 2.0 Spellcasting
 + Level 4.4 Conjurations


You had 4 spell levels left.
You knew the following spells:

 Your Spells              Type           Power      Damage    Failure   Level
a - Magic Dart            Conj           64%        1d6       4%          1

Your spell library contained the following spells:

 Spells                   Type           Power      Damage    Failure   Level
 Searing Ray              Conj           32%        2d5       6%          2
 Dazzling Flash           Conj/Hex       18%        N/A       32%         3
 Fulminant Prism          Conj/Hex       4%         3d6       71%         4
 Iskenderun's Mystic Bla  Conj/Tloc      9%         2d4       71%         4
 Agony                    Necr           1%         N/A       100%        5
 Silence                  Hex/Air        0%         N/A       100%        5


Dungeon Overview and Level Annotations

Branches:
Dungeon (2/15)

Altars:


Message History

A gnoll comes into view. It is wielding a +0 flail.
The gnoll shouts!
You hear a shout!
You closely miss the gnoll. The gnoll hits you with a +0 flail.
Casting: Magic Dart (safe; 4% risk of failure)
Confirm with . or Enter, or press ? or * to list all spells.
Aiming: Magic Dart (safe; 4% risk of failure)
Press: ? - help, Shift-Dir - straight line, f - gnoll
Aim: a gnoll, wielding a +0 flail (100% to hit)
The magic dart hits the gnoll but does no damage.
The gnoll hits you with a +0 flail!
Ouch! That really hurt!
Casting: Magic Dart (safe; 4% risk of failure)
Confirm with . or Enter, or press ? or * to list all spells.
Aiming: Magic Dart (safe; 4% risk of failure)
Press: ? - help, Shift-Dir - straight line, f/p - gnoll
Aim: a gnoll, wielding a +0 flail (100% to hit)
The magic dart hits the gnoll.
The gnoll is moderately wounded.
The gnoll hits you with a +0 flail.
* * * LOW HITPOINT WARNING * * *
Casting: Magic Dart (safe; 4% risk of failure)
Confirm with . or Enter, or press ? or * to list all spells.
Aiming: Magic Dart (safe; 4% risk of failure)
Press: ? - help, Shift-Dir - straight line, f/p - gnoll
Aim: a gnoll, wielding a +0 flail (moderately wounded, 100% to hit)
The magic dart hits the gnoll but does no damage.
The gnoll is moderately wounded.
A gnoll comes into view. It is wielding a +1 whip of flaming.
A gnoll comes into view. It is wielding a +0 spear.
Okay, then.
It was a potion of flight.
You feel very buoyant.
You fly up into the air.
The gnoll shouts!
You hear a shout!
The gnoll hits you with a +0 flail.
* * * LOW HITPOINT WARNING * * *
It was a potion of curing.
You feel better. You block the gnoll's attack.
The gnoll hits you with a +0 flail!
Ouch! That really hurt!
You die...

...# #..# #
#
#..#.##...#.
#.......#..
#<##.##...
#.# #g#
#.####g#
#.##g.#
#.##@#
#....#
######


You could see 3 gnolls.

Vanquished Creatures
  A dart slug (D:1)
  3 ball pythons (D:1)
  3 endoplasms (D:1)
  2 goblins (D:1)
  A hobgoblin (D:1)
  A quokka (D:1)
  A bat (D:1)
  2 kobolds (D:1)
  2 rats (D:1)
16 creatures vanquished.

Notes
Turn   | Place    | Note
-------+----------+-------------------------------------------
     0 | D:1      | elite277 the Human Conjurer began the quest for the Orb.
     0 | D:1      | Reached XP level 1. HP: 13/13 MP: 3/3
     2 | D:1      | Noticed a minotaur
     2 | D:1      | Noticed a vine stalker
     4 | D:1      | Noticed a spriggan
     6 | D:1      | Noticed a merfolk
     8 | D:1      | Noticed a ghoul
    10 | D:1      | Noticed a tengu
    12 | D:1      | Noticed a gargoyle
    12 | D:1      | Noticed an ogre
    14 | D:1      | Noticed a formicid
    14 | D:1      | Noticed an elf
    16 | D:1      | Noticed a draconian
    16 | D:1      | Noticed a demigod
    18 | D:1      | Noticed a dwarf
    18 | D:1      | Noticed a vampire
    20 | D:1      | Noticed a naga
    20 | D:1      | Noticed a felid
    22 | D:1      | Noticed a demonspawn
    24 | D:1      | Noticed a human
    24 | D:1      | Noticed a troll
    26 | D:1      | Noticed an octopode
   402 | D:1      | Reached XP level 2. HP: 19/19 MP: 1/5
  1171 | D:2      | Slain by a gnoll

Illustrated notes

Levels and vault maps discovered:
D:1:      kb_arrival_jail, layout_loops_cross
D:2:      layout_loops_ring, chequers_ecumenical_altar_twisty, serial_shops,
          nicolae_shop_stone, kennysheep_generic_room_8

Action                   || total
-------------------------++-------
Melee: Unarmed           ||     8
       Short sword       ||    15
Throw: Throwing net      ||     1
 Cast: Magic Dart        ||    25
  Use: Potion            ||     5
       Scroll            ||     3
Armor: Robe              ||     2
       Skin              ||     3
Dodge: Dodged            ||     9
Block: Buckler           ||     1

Table legend: (Time is in decaauts)
 A = Elapsed time spent in this place.
 B = Non-inter-level travel time spent in this place.
 C = Inter-level travel time spent in this place.
 D = Time resting spent in this place.
 E = Time spent auto-exploring this place.
 F = Levels seen in this place.
 G = Mean time per level.
                   A        B        C        D        E       F      G
               +--------+--------+--------+--------+--------+-----+--------+
         Total |   1172 |   1113 |     59 |    107 |    688 |   2 |  586.0 |
       Dungeon |   1172 |   1113 |     59 |    107 |    688 |   2 |  586.0 |
               +--------+--------+--------+--------+--------+-----+--------+

Top non-repeatable levels by time:
     D:1: 1157 daAuts
     D:2: 14 daAuts
